 Dungeon Crawl Stone Soup version 0.30-b1-2-g02819fbbbe (webtiles) character file.

Game seed: 16406660122834615105

4277 Drakonis1988 the Cleaver (level 10, -7/90 HPs)
             Began as a Minotaur Berserker on June 18, 2023.
             Was an Elder of Trog.
             Mangled by Amaemon
             ... wielding a +0 demon whip of venom
              (9 damage)
             ... on level 9 of the Dungeon.
             The game lasted 01:06:29 (9752 turns).

Drakonis1988 the Cleaver (Minotaur Berserker)       Turns: 9752, Time: 01:06:30

Health: -7/90      AC: 12    Str: 25    XL:     10   Next: 10%
Magic:  9/9        EV:  9    Int:  4    God:    Trog [****..]
Gold:   576        SH:  0    Dex:  9    Spells: 9/9 levels left

rFire   + + .        Q - +4 hand axe of Focus {freeze, rF++ Will++ Dex-2}
rCold   + . .        B - orb {light}
rNeg    . . .        o - +1 chain mail {rC+}
rPois   .            (helmet restricted)
rElec   .            (no cloak)
rCorr   .            (no gloves)
SInv    .            T - +0 pair of boots
Will    ++...        p - amulet of faith Stlth
                     (no ring)
HPRegen 0.35/turn    (no ring)
MPRegen 0.11/turn

%: faith
@: lethally poisoned (-7 -> -42), weakened, on berserk cooldown, slowed,
glowing, very slow
A: horns 2, retaliatory headbutt
a: Renounce Religion, Berserk, Trog's Hand, Brothers in Arms


You were on level 9 of the Dungeon.
You worshipped Trog.
Trog was greatly pleased with you.
You visited 2 branches of the dungeon, and saw 10 of its levels.
You also visited: Bailey.

You collected 576 gold pieces.

Inventory:

Hand Weapons
 a - a +0 hand axe
 d - a +0 short sword
 g - a +0 hand axe
 C - a +0 shortbow of flaming
 D - a +0 hand axe
 E - a +0 hand axe
 G - the +6 short sword of Deflation {speed, rElec rPois Will+}
   (You found it on level 6 of the Dungeon)

   rElec:     It insulates you from electricity.
   rPois:     It protects you from poison.
   Will:      It increases your willpower.
 M - a +0 vampiric short sword
 N - a +0 vampiric battleaxe
 P - a +0 war axe
 Q - the +4 hand axe of Focus (weapon) {freeze, rF++ Will++ Dex-2}
   (You found it in a bailey)

   Dex:       It affects your dexterity (-2).
   rF:        It greatly protects you from fire.
   Will:      It greatly increases your willpower.
 S - a +2 shortbow of draining
Missiles
 c - 66 stones (quivered)
 F - a throwing net
Armour
 b - a +0 animal skin
 h - a +0 chain mail
 o - a +1 chain mail of cold resistance (worn)
 B - an orb of light (worn)
 T - a +0 pair of boots (worn)
Magical Staves
 k - a staff of earth
Jewellery
 p - an amulet of faith (around neck)
 r - an amulet of reflection
 O - a ring of flight
Wands
 e - a wand of light (9)
 w - a wand of flame (26)
 J - a wand of polymorph (14)
 R - a wand of paralysis (4)
Scrolls
 f - 2 scrolls of magic mapping {unknown}
 i - a scroll of silence {unknown}
 j - 3 scrolls of vulnerability {unknown}
 l - 2 scrolls of brand weapon {unknown}
 q - 3 scrolls of teleportation {unknown}
 s - a scroll of enchant armour {unknown}
 x - a scroll of amnesia {unknown}
 y - 2 scrolls of blinking {unknown}
 A - 2 scrolls of fear {unknown}
 I - a scroll of noise {unknown}
 K - a scroll of immolation {unknown}
 L - 13 scrolls of identify {unknown}
Potions
 m - 3 potions of curing {unknown}
 n - 3 potions of cancellation {unknown}
 t - 3 potions of attraction {unknown}
 u - 3 potions of degeneration {unknown}
 v - a potion of might {unknown}
 z - 6 potions of flight
 H - 2 potions of heal wounds {unknown}


   Skills:
 + Level 8.9 Fighting
 * Level 14.5 Axes
 + Level 6.6 Armour
 - Level 2.2 Dodging


You had 9 spell levels left.
You didn't know any spells.
Your spell library contained the following spells:

 Spells                   Type           Power      Damage    Failure   Level
 Freeze                   Ice            0%         1d3       95%         1
 Magic Dart               Conj           0%         1d3       95%         1
 Summon Small Mammal      Summ           0%         N/A       95%         1
 Call Imp                 Summ           0%         N/A       99%         2
 Call Canine Familiar     Summ           0%         N/A       100%        3
 Frozen Ramparts          Ice            0%         1d1       100%        3
 Hailstorm                Conj/Ice       0%         3d3       100%        3
 Inner Flame              Hex/Fire       0%         N/A       100%        3
 Mephitic Cloud           Conj/Pois/Air  0%         N/A       100%        3
 Portal Projectile        Hex/Tloc       0%         N/A       100%        3
 Summon Guardian Golem    Hex/Summ       0%         N/A       100%        3
 Flame Wave               Conj/Fire      0%         2d4       100%        4
 Sticky Flame             Conj/Fire      0%         2d3       100%        4
 Conjure Ball Lightning   Conj/Air       0%         3x3d6     100%        6
 Discord                  Hex            0%         N/A       100%        8
 Disjunction              Tloc           0%         N/A       100%        8
 Lehudib's Crystal Spear  Conj/Erth      0%         10d2      100%        8
 Chain Lightning          Conj/Air       0%         N/A       100%        9


Dungeon Overview and Level Annotations

Branches:
Dungeon (9/15)             Temple (1/1) D:6          Bailey (visited)
   Lair: D:8-11         Orc: D:9-12

Altars:
Ashenzari
Cheibriados
Fedhas
Gozag
Hepliaklqana
Makhleb
Nemelex Xobeh
Ru
Sif Muna
Trog
Vehumet
Wu Jian
Xom
Zin
The Shining One

Annotations:
D:2 1 exclusion
D:9 Amaemon


Innate Abilities, Weirdness & Mutations

You have a pair of horns on your head.
You reflexively headbutt those who attack you in melee.


Message History

Amaemon is lightly wounded.
You are no longer berserk.
You are exhausted.
You feel yourself slow down.
Amaemon hits you with a +0 demon whip of venom!
You are poisoned.
Amaemon claws you but does no damage.
Amaemon tail-slaps you but does no damage.
You slash Amaemon! You freeze Amaemon.
Amaemon is lightly wounded.
You hit the yak. You freeze the yak.
You feel very sick.
You hit Amaemon. You freeze Amaemon. You headbutt Amaemon.
Amaemon is moderately wounded.
You hit the yak. You freeze the yak.
You feel sick.
Amaemon hits you with a +0 demon whip of venom!
You are more poisoned.
Amaemon claws you but does no damage.
Amaemon tail-slaps you but does no damage.
The yak gores you.
Okay, then.
The yak attacks as you move away! The yak barely misses you.
You furiously retaliate!
You headbutt the yak.
You feel extremely sick.
Amaemon hits you with a +0 demon whip of venom!
Amaemon claws you but does no damage.
Amaemon tail-slaps you but does no damage.
Your black bear goes berserk!
You feel extremely sick.
Amaemon hits you with a +0 demon whip of venom!
* * * LOW HITPOINT WARNING * * *
You are more poisoned.
Amaemon claws you.
* * * LOW HITPOINT WARNING * * *
Amaemon tail-slaps you.
* * * LOW HITPOINT WARNING * * *
The yak barely misses you. The yak gores you but does no damage.
Amaemon attacks as you move away!
Amaemon hits you with a +0 demon whip of venom!
You die...

###########+##
#.............
#.........?...
#.............
#>............
#...h......... ...
#....YY.......
....#######....@6.......
...............#######...
...............#
...............#
...............#
...............#
...............#
...............#
......#'########


You could see Amaemon, 2 yaks and a friendly black bear (summoned, berserk).

Vanquished Creatures
  Maurice (D:8)
  An unseen horror (D:8)
  An orange demon (D:9)
  Prince Ribbit (D:6)
  Sigmund (D:6)
  4 yaks
  A water moccasin (D:7)
  6 orc warriors (Bailey)
  An ice beast (D:6)
  3 centaurs
  2 bullfrogs (D:8)
  Blork the orc (D:6)
  6 scorpions
  5 killer bees (D:8)
  2 hounds
  A jelly (D:6)
  An orc priest (D:8)
  A sleepcap (D:8)
  Ijyb (D:4)
  6 iguanas
  2 orc wizards (D:8)
  7 gnolls
  8 adders
  2 shadow imps
  2 white imps
  2 ufetubi
  3 worms
  3 dart slugs
  17 orcs
  5 ball pythons
  10 endoplasms
  4 giant cockroaches
  14 goblins
  7 hobgoblins
  4 jackals (D:1)
  5 quokkas
  4 bats
  6 frilled lizards
  19 kobolds
  A quokka zombie (D:8)
  7 rats
  A rat zombie (D:8)
179 creatures vanquished.

Vanquished Creatures (others)
  A rat (D:1)
1 creature vanquished.

Grand Total: 180 creatures vanquished

Notes
Turn   | Place    | Note
-------+----------+-------------------------------------------
     0 | D:1      | Drakonis1988 the Minotaur Berserker began the quest for the
                  | Orb.
     0 | D:1      | Reached XP level 1. HP: 19/19 MP: 0/0
   278 | D:1      | Reached skill level 4 in Axes
   374 | D:1      | Reached XP level 2. HP: 26/27 MP: 1/1
  1561 | D:2      | Reached XP level 3. HP: 33/33 MP: 2/2
  1699 | D:2      | Reached ** piety under Trog
  1702 | D:2      | Reached skill level 5 in Axes
  2113 | D:2      | Reached XP level 4. HP: 40/40 MP: 3/3
  2909 | D:3      | Reached skill level 6 in Axes
  3669 | D:4      | Reached *** piety under Trog
  3686 | D:4      | Reached XP level 5. HP: 24/46 MP: 4/4
  3777 | D:4      | Reached skill level 7 in Axes
  3863 | D:4      | Noticed Ijyb
  3878 | D:4      | Killed Ijyb
  4192 | D:4      | Reached XP level 6. HP: 31/52 MP: 5/5
  4399 | D:4      | You fall into a shaft and drop 2 floors!
  4435 | D:5      | Entered Level 5 of the Dungeon
  4441 | D:5      | Reached skill level 8 in Axes
  5142 | D:5      | Reached skill level 9 in Axes
  5496 | D:5      | Reached XP level 7. HP: 52/59 MP: 6/6
  5995 | D:6      | Noticed Blork the orc
  6002 | D:6      | Killed Blork the orc
  6003 | D:6      | Reached skill level 10 in Axes
  6037 | D:6      | Noticed Sigmund
  6044 | D:6      | Killed Sigmund
  6184 | D:6      | Reached skill level 11 in Axes
  6428 | D:6      | Reached XP level 8. HP: 64/67 MP: 7/7
  6448 | D:6      | Identified the +6 short sword of Deflation {speed, rElec
                  | rPois Will+}
  6594 | D:6      | Noticed Prince Ribbit
  6611 | D:6      | Killed Prince Ribbit
  6612 | D:6      | Reached skill level 5 in Fighting
  6872 | D:6      | Found a staircase to the Ecumenical Temple.
  6882 | Temple   | Entered the Ecumenical Temple
  7253 | D:7      | Reached skill level 12 in Axes
  7538 | D:7      | Got the Handbook of Violent Misfortune
  7682 | D:7      | Reached **** piety under Trog
  8047 | D:8      | Noticed Maurice
  8069 | D:8      | Killed Maurice
  8070 | D:8      | Reached XP level 9. HP: 46/79 MP: 8/8
  8180 | D:8      | Found a flagged portal.
  8393 | Bailey   | Entered a bailey
  8595 | Bailey   | Reached skill level 13 in Axes
  8717 | Bailey   | Identified the -2 pair of gloves of the Beginning {MP+9}
  8748 | Bailey   | Identified the +4 hand axe of Focus {freeze, rF++ Will++
                  | Dex-2}
  8954 | D:8      | Reached skill level 5 in Armour
  8969 | D:8      | Reached skill level 14 in Axes
  9171 | D:8      | Noticed an unseen horror
  9188 | D:8      | Killed an unseen horror
  9470 | D:8      | Found a hazy altar of Hepliaklqana.
  9733 | D:9      | Noticed an orange demon
  9738 | D:9      | Noticed Amaemon
  9741 | D:9      | Killed an orange demon
  9742 | D:9      | Reached XP level 10. HP: 90/90 MP: 9/9
  9751 | D:9      | HP: 2/90 [Amaemon/+0 demon whip of venom (3)]
  9752 | D:9      | Mangled by Amaemon

Illustrated notes

Levels and vault maps discovered:
D:1:      saegor_arrival_miasma, layout_loops_cross
D:2:      wander_river, layout_loops_corners
D:3:      layout_basic
D:4:      layout_cave_pods, minmay_bisected, uniq_ijyb
D:5:      layout_loops_ring, gup_sewer_entry_pipe, water_boxes_lemuel
D:6:      layout_loops_ring, lemuel_temple_firewalk_a,
          nicolae_concentric_dashed_squares_mild, uniq_sigmund,
          uniq_blork_the_orc, uniq_prince_ribbit1
D:7:      nicolae_cairo_tiling_very_big, layout_basic
D:8:      layout_layer_cave, lemuel_coloured_pillars_altar,
          lightli_bailey_entry_fortress, enter_ossuary_4, uniq_maurice
D:9:      layout_gridville, uniq_amaemon
Temple:   mainiacjoe_temple_big_plus

Skill      XL: |  1  2  3  4  5  6  7  8  9 |
---------------+----------------------------+-----
Axes           | 4 5 6 7 9 11 12 14 | 14.5
Fighting       | 4 7 8 |  8.9
Armour         | 3 6 |  6.6
Dodging        | |  2.2

Action                     |  1- 3 |  4- 6 |  7- 9 | 10-12 || total
---------------------------+-------+-------+-------+-------++-------
  Melee: Hand axe          |    82 |   186 |   219 |     6 ||   493
         Headbutt          |    10 |    23 |    53 |     2 ||    88
         Punch             |     1 |     1 |       |       ||     2
  Throw: Stone             |     1 |       |       |       ||     1
 Invoke: Berserk           |       |     1 |    10 |       ||    11
         Trog's Hand       |       |       |     4 |       ||     4
         Brothers in Arms  |       |       |       |     1 ||     1
 Armour: Animal skin       |     5 |       |       |       ||     5
         Chain mail        |    30 |   100 |    89 |     7 ||   226
  Dodge: Dodged            |    32 |    77 |    90 |     2 ||   201
